 Dungeon Crawl Stone Soup version 0.21.1-1-g345015f (webtiles) character file.

471 Mirai the Magician (level 6, -13/32 HPs)
             Began as a Deep Elf Conjurer on Apr 5, 2018.
             Mangled by a porcupine (14 damage)
             ... on level 4 of the Dungeon.
             The game lasted 00:08:01 (2667 turns).

Mirai the Magician (Deep Elf Conjurer)              Turns: 2667, Time: 00:08:01

Health: -13/32     AC:  3    Str:  5    XL:     6   Next: 83%
Magic:  1/18       EV: 12    Int: 22    God:
Gold:   136        SH:  0    Dex: 15    Spells: 9/20 levels left

rFire    . . .     SeeInvis .   u - +0 hand axe (venom)
rCold    . . .     Gourm    .   (no shield)
rNeg     . . .     Faith    .   v - +0 leather armour {rPois}
rPois    +         Spirit   .   y - +0 hat
rElec    .         Reflect  .   (no cloak)
rCorr    .         Harm     .   (no gloves)
MR       .....                  (no boots)
Stlth    ++........             (no amulet)
HPRegen  0.10/turn              i - ring of poison resistance
MPRegen  0.16/turn              (no ring)

@: no status effects
A: no striking features
a: no special abilities


You were on level 4 of the Dungeon.
You were not hungry.

You visited 1 branch of the dungeon, and saw 4 of its levels.

You collected 136 gold pieces.

Inventory:

Hand Weapons
 u - a +0 hand axe of venom (weapon)
 z - a +1 hand axe of freezing
Armour
 v - a +0 leather armour of poison resistance (worn)
 w - a +2 scale mail of positive energy
 y - a +0 hat (worn)
Jewellery
 i - a ring of poison resistance (left hand)
Wands
 a - a wand of polymorph (9)
Scrolls
 e - a scroll of identify {unknown}
 g - 5 scrolls of teleportation {unknown}
 h - a scroll of random uselessness {unknown}
 j - a scroll of magic mapping {unknown}
 m - 3 scrolls of remove curse {unknown}
 n - a scroll of fog {unknown}
 o - a scroll of enchant armour {unknown}
 t - a scroll of blinking {unknown}
Potions
 d - a potion of haste {unknown}
 f - a potion of curing {unknown}
 l - a potion of degeneration {unknown}
 p - a potion of magic {unknown}
 q - a potion of flight {unknown}
 r - a potion of agility {unknown}
 s - a potion of lignification {unknown}
 x - 2 potions of mutation {unknown}
Books
 b - a book of Conjurations

   Spells                             Type                      Level
   a - Magic Dart                     Conjuration                  1
   b - Searing Ray                    Conjuration                  2
   c - Dazzling Spray                 Conjuration/Hexes            3
   d - Fulminant Prism                Conjuration/Hexes            4
   e - Force Lance                    Conjuration/Translocation    4
   f - Iskenderun's Mystic Blast      Conjuration                  4
Comestibles
 c - 10 rations
 k - 9 chunks of flesh


   Skills:
 - Level 2.4 Dodging
 - Level 2.4 Stealth
 + Level 7.6 Spellcasting
 + Level 5.5 Conjurations
 + Level 3.7 Hexes
 + Level 1.7 Evocations


You had 9 spell levels left.
You knew the following spells:

 Your Spells              Type           Power        Failure   Level  Hunger
a - Magic Dart            Conj           ####         1%          1    None
b - Searing Ray           Conj           ####..       1%          2    None
c - Iskenderun's Mystic   Conj           ####....     13%         4    ###....
d - Fulminant Prism       Conj/Hex       ####......   19%         4    ###....


Dungeon Overview and Level Annotations

Branches:
Dungeon (4/15)
 Temple: D:4-7

Altars:


Message History

The searing ray hits the scorpion.
The scorpion is heavily wounded.
You finish channeling your searing ray.
The scorpion barely misses you.
Evoke which item? (* to show all) (? for menu, Esc to quit)
Aiming: Polymorph
Press: ? - help, Shift-Dir - straight line, f/p - scorpion
Aim: a scorpion (heavily wounded, chance to defeat MR: 50%)
The scorpion evaporates and reforms as a porcupine!
The porcupine bites you!
* * * LOW HITPOINT WARNING * * *
Unknown command.
Okay, then.
Okay, then.
Evoke which item? (* to show all) (? for menu, Esc to quit)
Aiming: Polymorph
Press: ? - help, Shift-Dir - straight line, f/p - porcupine
Aim: a porcupine (chance to defeat MR: 50%)
The porcupine resists with significant effort.
The porcupine bites you!
You die...

#.. #.# #.# #.# ...
.... #######.#
#...# #.......#
#...# #.# #@#
#.#...# #.#
#r###.##. #.#...#
#.# #........
#.#...# #.#
#.###....
#.....####.#####.#
..
..............)).#
........).[.....##
.....#####..#.....#
..#.## #..###......


You could see a porcupine.

Vanquished Creatures
  Edmund (D:4)
  A bullfrog (D:2)
  A crimson imp (D:3)
  An orc priest (D:4)
  2 orc wizards
  A worker ant (D:4)
  5 adders
  2 worms
  A dart slug (D:1)
  4 leopard geckos
  18 orcs
  2 ball pythons
  10 bats
  A giant cockroach (D:1)
  8 goblins
  5 hobgoblins
  5 kobolds
  2 quokkas
  7 frilled lizards
  8 rats
85 creatures vanquished.

Notes
Turn   | Place    | Note
-------+----------+-------------------------------------------
     0 | D:1      | Mirai the Deep Elf Conjurer began the quest for the Orb.
     0 | D:1      | Reached XP level 1. HP: 10/10 MP: 6/6
    91 | D:1      | Reached skill level 4 in Spellcasting
    91 | D:1      | Reached XP level 2. HP: 15/15 MP: 2/9
    95 | D:1      | Learned a level 2 spell: Searing Ray
   711 | D:2      | Reached XP level 3. HP: 19/19 MP: 7/11
   720 | D:2      | Reached skill level 5 in Spellcasting
  1164 | D:2      | Noticed a bullfrog
  1169 | D:2      | Killed a bullfrog
  1169 | D:2      | Reached skill level 6 in Spellcasting
  1169 | D:2      | Reached XP level 4. HP: 24/24 MP: 5/14
  1176 | D:2      | Learned a level 4 spell: Iskenderun's Mystic Blast
  1181 | D:2      | Learned a level 4 spell: Fulminant Prism
  1473 | D:2      | Reached skill level 1 in Hexes
  1585 | D:3      | Reached XP level 5. HP: 23/28 MP: 9/16
  1732 | D:3      | Reached skill level 7 in Spellcasting
  2042 | D:3      | Reached skill level 5 in Conjurations
  2452 | D:4      | Reached XP level 6. HP: 25/32 MP: 13/18
  2468 | D:4      | Noticed Edmund
  2480 | D:4      | Killed Edmund
  2480 | D:4      | Reached skill level 1 in Evocations
  2666 | D:4      | Noticed a porcupine
  2666 | D:4      | a scorpion changed into a porcupine
  2666 | D:4      | HP: 1/32 [porcupine (14)]
  2667 | D:4      | Mangled by a porcupine

Skill      XL: |  1  2  3  4  5  6 |
---------------+-------------------+-----
Spellcasting   | 4 6 7 |  7.6
Hexes          | 1 2 3 |  3.7
Conjurations   | 5 |  5.5
Evocations     | 1 |  1.7
Dodging        | |  2.4
Stealth        | |  2.4

Action                   |  1- 3 |  4- 6 || total
-------------------------+-------+-------++-------
Melee: Hand axe          |       |    10 ||    10
 Cast: Magic Dart        |    52 |    61 ||   113
       Searing Ray       |     1 |    16 ||    17
Evoke: Wand              |       |     2 ||     2
  Eat: Chunk             |     1 |     4 ||     5
Armor: Robe              |     1 |     4 ||     5
       Leather armour    |       |     2 ||     2
Dodge: Dodged            |     6 |    45 ||    51
